 Dungeon Crawl Stone Soup version 0.28-a0-1518-gbe868bca14 (webtiles) character file.

Game seed: 6480239674793306542

388 issech the Covered (level 6, -4/53 HPs)
             Began as a Minotaur Fighter on Jan 17, 2022.
             Was a Plaything of Xom.
             Killed by divine providence
             ... invoked by an orc priest
              (11 damage)
             ... on level 4 of the Dungeon.
             The game lasted 00:18:57 (3181 turns).

issech the Covered (Minotaur Fighter)               Turns: 3181, Time: 00:18:59

Health: -4/53      AC: 13    Str: 23    XL:     6   Next: 49%
Magic:  5/5        EV:  8    Int:  5    God:    Xom [...*..]
Gold:   143        SH:  4    Dex: 11    Spells: 5/5 levels left

rFire   . . .      SeeInvis +   a - +0 war axe
rCold   + . .      Faith    .   c - +0 buckler
rNeg    . . .      Spirit   .   x - +0 chain mail
rPois   .          Reflect  .   (helmet restricted)
rElec   .          Harm     .   (no cloak)
rCorr   .          Rampage  .   L - +0 pair of gloves
Will    .....                   (no boots)
Stlth   ..........              (no amulet)
HPRegen 0.17/turn               M - ring of see invisible
MPRegen 0.09/turn               k - ring of protection from cold

@: no status effects
A: horns 2, retaliatory headbutt, claws 1, hooves 1, iridescent scales 1, agile
1
a: Renounce Religion


You were on level 4 of the Dungeon.
You worshipped Xom.
You were a favourite toy of Xom.
You visited 1 branch of the dungeon, and saw 4 of its levels.

You collected 143 gold pieces.

Inventory:

Hand Weapons
 a - a +0 war axe (weapon)
 b - a +0 hand axe
 f - a +0 club
 i - a +0 long sword
 u - a +0 hunting sling
Missiles
 g - 4 boomerangs
 h - 113 stones
 I - 6 bolts
 K - 41 arrows
 Z - 5 atropa-tipped darts
Armour
 c - a +0 buckler (worn)
 x - a +0 chain mail (worn)
 L - a +0 pair of gloves (worn)
Jewellery
 k - a ring of protection from cold (right hand)
 M - a ring of see invisible (left hand)
Wands
 A - a wand of mindburst (34) (quivered)
Scrolls
 e - a scroll of torment {unknown}
 m - 3 scrolls of teleportation
 o - a scroll of identify
 s - a scroll of magic mapping {unknown}
 v - a scroll of noise {unknown}
 z - a scroll of amnesia {unknown}
 N - a scroll of immolation {unknown}
Potions
 d - a potion of might
 j - a potion of brilliance {unknown}
 B - 2 potions of magic
 F - a potion of flight {unknown}
 O - a potion of attraction {unknown}
 P - 2 potions of mutation {unknown}
 Q - a potion of cancellation {unknown}


   Skills:
 + Level 4.7 Fighting
 + Level 5.4 Axes
 + Level 6.0 Armour
 + Level 1.1 Dodging
 + Level 0.2 Stealth
 + Level 4.2 Shields


You had 5 spell levels left.
You didn't know any spells.
Your spell library was empty.

Dungeon Overview and Level Annotations

Branches:
Dungeon (4/15)
 Temple: D:4-7

Altars:
Xom

Shops:
D:4 *

Annotations:
D:4 Blork the orc


Innate Abilities, Weirdness & Mutations

You have a pair of horns on your head.
You reflexively headbutt those who attack you in melee.
You have sharp fingernails.
You have large cloven feet.
You are partially covered in iridescent scales. (AC +2)
You are agile. (Dex +2)


Message History

An orc priest comes into view. It is wielding a +0 short sword.
The orc priest calls down the wrath of Beogh upon you.
Beogh smites you!
Blork the orc comes into view.
He is wielding a +0 halberd.
The orc warrior hits you but does no damage.
You barely miss the orc warrior.
Blork the orc shouts!
Your kick misses the orc warrior. You block the orc warrior's attack.
The orc priest invokes the aid of Beogh against you.
Beogh smites you!
You hit the orc warrior.
You kick the orc warrior, but do no damage.
Your headbutt misses the orc warrior.
The orc warrior is lightly wounded.
You block the orc warrior's attack.
Blork the orc suddenly jeers, as Orcs often do.
You slash the orc warrior! Your kick misses the orc warrior.
The orc warrior is heavily wounded.
The orc warrior hits you but does no damage. x2
You slash the orc warrior! Your headbutt misses the orc warrior.
The orc warrior is almost dead.
The orc warrior hits you with a +0 mace.
You hit the orc warrior but do no damage.
Your kick misses the orc warrior. Your headbutt misses the orc warrior.
The orc warrior is almost dead.
The orc warrior hits you with a +0 mace.
Blork the orc casts a spell.
Blork the orc seems to speed up.
You barely miss the orc warrior.
The orc warrior is almost dead.
The orc warrior hits you with a +0 mace!
* * * LOW HITPOINT WARNING * * *
The orc priest looks braver for a moment.
You closely miss the orc warrior.
The orc warrior is almost dead.
The orc warrior hits you but does no damage.
The orc priest mumbles some strange prayers to Beogh against you.
Beogh smites you!
You die...
Xom roars with laughter! #<# #.....# #.# ..... #.# ..... #.# .o. ####.## ooo

#.....# #.# # #o# #.###.#
#.# #. ##### #o# #.# #.#
#.. .. ...# #@# #.###.#
#.# #.##.###.# #.....# #.#
# #........# ###.###
#.###.###.##.##### #.#
......... ##.## #.#
........###...##########.#
#.#####..................#
#.# #####...############
#.##########.##


You could see Blork the orc (fast), an orc warrior, an orc priest, an orc wizard
(invisible) and 2 orcs.

Vanquished Creatures
  Menkaure (D:4)
  A howler monkey (D:4)
  A bullfrog zombie (D:3)
  A hound (D:4)
  A centaur skeleton (D:3)
  An orc wizard (D:4)
  A howler monkey skeleton (D:4)
  3 adders (D:3)
  An adder skeleton (D:4)
  5 dart slugs
  2 orcs (D:4)
  5 ball pythons
  4 endoplasms
  2 giant cockroaches (D:1)
  3 goblins
  9 hobgoblins
  10 kobolds
  6 quokkas
  2 bats
  4 frilled lizards
  4 rats
67 creatures vanquished.

Vanquished Creatures (others)
  3 plants (D:1)
3 creatures vanquished.

Grand Total: 70 creatures vanquished

Notes
Turn   | Place    | Note
-------+----------+-------------------------------------------
     0 | D:1      | issech the Minotaur Fighter began the quest for the Orb.
     0 | D:1      | Reached XP level 1. HP: 19/19 MP: 0/0
    43 | D:1      | Reached XP level 2. HP: 13/27 MP: 1/1
   328 | D:1      | Reached skill level 4 in Armour
   515 | D:1      | Reached XP level 3. HP: 24/33 MP: 2/2
  1692 | D:3      | Reached XP level 4. HP: 18/40 MP: 3/3
  1904 | D:3      | Found a faded altar of an unknown god.
  1912 | D:3      | Prayed at the altar of an unknown god.
  1912 | D:3      | Became a worshipper of Xom of Chaos
  2057 | D:3      | XOM: silly message
  2189 | D:3      | XOM: divination: detect items
  2196 | D:3      | Reached skill level 1 in Dodging
  2222 | D:3      | XOM: give mutations
  2222 | D:3      | Gained mutation: You have sharp fingernails. [Xom's grace]
  2222 | D:3      | Gained mutation: You have large cloven feet. [Xom's grace]
  2222 | D:3      | Gained mutation: You are partially covered in iridescent
                  | scales. (AC +2) [Xom's grace]
  2222 | D:3      | Gained mutation: You are agile. (Dex +2) [Xom's grace]
  2435 | D:3      | XOM: god gift: quarterstaff {god gift}
  2452 | D:3      | Reached skill level 5 in Armour
  2452 | D:3      | Reached XP level 5. HP: 44/46 MP: 4/4
  2712 | D:4      | Found Onarimp's Assorted Antiques.
  2998 | D:4      | XOM: cloud trail
  3001 | D:4      | XOM: silly message
  3026 | D:4      | Reached XP level 6. HP: 51/53 MP: 5/5
  3086 | D:4      | Noticed Menkaure
  3088 | D:4      | Killed Menkaure
  3089 | D:4      | Reached skill level 5 in Axes
  3089 | D:4      | Reached skill level 6 in Armour
  3171 | D:4      | Noticed an orc warrior
  3174 | D:4      | Noticed Blork the orc
  3181 | D:4      | Killed from afar by an orc priest

Illustrated notes

Levels and vault maps discovered:
D:1:      psy_arrival_conway, layout_rooms, nrook_uturn
D:2:      layout_loops_ring
D:3:      layout_loops_ring, nicolae_ecumenical_lake_church
D:4:      layout_loops_ring, serial_shops, shop, uniq_menkaure,
          uniq_blork_the_orc

Skill      XL: |  1  2  3  4  5  6 |
---------------+-------------------+-----
Armour         | 4 5 6 |  6.0
Axes           | 3 4 5 |  5.4
Shields        | 4 |  4.2
Fighting       | 4 |  4.7
Dodging        | 1 |  1.1
Stealth        | |  0.2

Action                   |  1- 3 |  4- 6 || total
-------------------------+-------+-------++-------
Melee: War axe           |    76 |    81 ||   157
       Headbutt          |    12 |    13 ||    25
       Kick              |       |     8 ||     8
  Use: Scroll            |       |     2 ||     2
Armor: Scale mail        |    30 |       ||    30
       Chain mail        |    19 |    45 ||    64
Dodge: Dodged            |    36 |    27 ||    63
Block: Buckler           |    21 |    16 ||    37

Table legend: (Time is in decaauts)
 A = Elapsed time spent in this place.
 B = Non-inter-level travel time spent in this place.
 C = Inter-level travel time spent in this place.
 D = Time resting spent in this place.
 E = Time spent auto-exploring this place.
 F = Levels seen in this place.
 G = Mean time per level.
                   A        B        C        D        E       F      G
               +--------+--------+--------+--------+--------+-----+--------+
         Total |   3246 |   3246 |      0 |    394 |   1036 |   4 |  811.5 |
       Dungeon |   3246 |   3246 |      0 |    394 |   1036 |   4 |  811.5 |
               +--------+--------+--------+--------+--------+-----+--------+

Top non-repeatable levels by time:
     D:3: 937 daAuts
     D:1: 890 daAuts
     D:2: 811 daAuts
     D:4: 606 daAuts
